Map: Polka LE

Players

Faust

  • Race: Zerg Zerg

Throwfordays

  • Race: Protoss Protoss
  • League: Silver

Tinuviel - Winner!

  • Race: Protoss Protoss

Zaxxon - Winner!

  • Race: Terran Terran

VOD

Have the link to the VOD?

Description

Time

  • Played on: Aug. 27, 2021, 2:12 p.m.
  • Length: 17:52
Show
View Real Time Build Order
Export as new Build Order

Faust Zerg 

Build Orders: Hatch First, Lurkers 

Get SALT Encoding   

  12  0:00  Drone  
  13  0:08  Drone  
  14  0:15  Extractor  
  14  0:16  Drone  
  15  0:24  Overlord  
  15  0:44  Drone x3  
  18  1:02  Hatchery  
  17  1:08  Drone  
  18  1:13  Spawning Pool  
  17  1:28  Drone x2  
  17  1:30  Overlord  
  19  1:52  Extractor  
  18  1:56  Drone x2  
  20  2:02  Zergling x2  
  20  2:05  Queen  
  23  2:14  Queen  
  25  2:16  Overlord  
  25  2:17  Drone  
  25  2:22  Drone  
  27  2:26  Drone  
  28  2:33  Drone  
  30  2:37  Drone  
  30  2:57  Drone x3  
  33  3:12  Hatchery  
  32  3:16  Drone  
  32  3:17  Drone x5  
  38  3:23  Drone  
  38  3:24  Drone x4  
  43  3:32  Drone  
  43  3:35  Metabolic Boost, Overlord  
  43  3:42  Lair  
  43  3:45  Drone  
  43  3:46  Extractor, Drone  
  44  3:52  Extractor  
  44  3:54  Extractor  
  42  4:07  Drone  
  42  4:08  Drone  
  42  4:09  Drone x4  
  48  4:10  Overlord  
  48  4:11  Overlord  
  48  4:22  Drone x2  
  50  4:27  Drone  
  50  4:28  Queen  
  50  4:30  Queen  
  55  4:31  Overlord  
  55  4:33  Overlord  
  55  4:38  Evolution Chamber  
  54  4:39  Evolution Chamber  
  54  4:43  Hydralisk Den  
  54  4:44  Drone x2  
  54  4:45  Drone  
  55  4:46  Drone x3  
  55  4:47  Drone x2  
  60  4:57  Drone x3  
  63  5:04  Zerg Missile Weapons Level 1  
  63  5:05  Zerg Ground Armor Level 1  
  63  5:10  Overseer  
  63  5:12  Drone x2  
  65  5:15  Extractor, Drone x3  
  65  5:16  Extractor, Drone x3, Overlord  
  65  5:17  Overlord  
  69  5:21  Muscular Augments  
  69  5:33  Drone  
  70  5:37  Spine Crawler  
  69  5:46  Drone x2  
  69  5:47  Drone  
  72  5:50  Drone  
  72  5:51  Drone  
  72  5:54  Overlord x2  
  72  5:55  Hydralisk x3  
  72  5:56  Hydralisk x2  
  84  5:58  Hydralisk  
  84  6:02  Lurker Den  
  85  6:08  Infestation Pit  
  85  6:10  Drone x2  
  86  6:21  Pneumatized Carapace  
  86  6:22  Hydralisk x2  
  86  6:24  Zergling x6  
  86  6:25  Zergling x10  
  98  6:26  Zergling x2  
  99  6:33  Grooved Spines  
  99  6:41  Overlord x3  
  99  6:47  Hydralisk  
  99  6:48  Hydralisk x4  
  109  7:01  Spine Crawler  
  109  7:03  Spine Crawler x2  
  109  7:05  Lurker  
  109  7:06  Lurker x3  
  109  7:07  Hatchery, Lurker  
  110  7:09  Extractor, Drone x6  
  110  7:10  Extractor, Zergling x6  
  105  7:44  Hydralisk x3  
  105  7:45  Hydralisk x6  
  101  8:10  Overseer  
  101  8:11  Hydralisk x5  
  101  8:12  Hydralisk x4  
  105  8:15  Zerg Missile Weapons Level 2  
  105  8:19  Spore Crawler  
  104  8:20  Spine Crawler  
  104  8:23  Zergling x6  
  102  8:28  Drone x2  
  102  8:29  Drone x5  
  102  8:31  Spore Crawler  
  102  8:32  Spine Crawler  
  102  8:43  Drone x2  
  102  8:44  Drone x3  
  105  9:07  Spore Crawler  
  105  9:09  Hive  
  104  9:10  Zerg Ground Armor Level 2  
  105  9:17  Lurker  
  105  9:19  Lurker x3  
  105  9:21  Zergling x24  
  105  9:22  Zergling x2  
  121  9:27  Drone x3  
  124  9:31  Queen x2  
  128  9:43  Drone x3  
  131  9:49  Drone x6  
  131  9:50  Drone x2  
  139  10:14  Drone x3  
  139  10:15  Drone x2  
  144  10:36  Overlord x2  
  144  10:37  Overlord x3  
  96  11:06  Hydralisk  
  96  11:07  Hydralisk x10  
  90  11:22  Adaptive Talons  
  90  11:25  Zerg Missile Weapons Level 3  
  90  11:28  Hydralisk  
  90  11:29  Hydralisk x2  
  96  11:34  Spine Crawler  
  95  11:51  Hydralisk  
  95  11:52  Hydralisk x10  
  117  12:19  Seismic Spines  
  115  12:46  Lurker x2  
  115  12:47  Lurker x9  
  126  12:53  Zergling x18  
  126  12:54  Zergling x10  
  126  12:55  Lurker x4  
  141  13:03  Spore Crawler  
  137  13:09  Spore Crawler  
  137  13:10  Drone x4  
  137  13:11  Drone  
  141  13:17  Drone x3  
  141  13:18  Drone  
  145  13:24  Lurker x3  
  145  13:25  Lurker  
  149  13:28  Overlord x2  
  149  13:29  Zergling x4  
  151  13:38  Adrenal Glands  
  151  13:43  Spore Crawler  
  151  13:44  Drone  
  151  13:45  Drone x3  
  151  13:46  Drone x6  
  150  14:11  Overseer  
  150  14:12  Overseer x3  
  143  14:32  Drone x4  
  143  14:33  Drone x4  
  109  15:11  Hydralisk  
  111  15:14  Hydralisk  
  111  15:15  Hydralisk x5  
  111  15:16  Viper, Drone  
  111  15:17  Drone x6  
  111  15:21  Extractor  
  116  15:24  Overseer  
  98  16:02  Drone x2  
  98  16:03  Drone x4  
  98  16:04  Drone x3  
  101  16:20  Hydralisk x7  
  112  16:38  Hydralisk  
  112  16:39  Hydralisk x6  
  111  16:43  Hydralisk  
  111  16:59  Hydralisk  
  111  17:00  Hydralisk x5  
  111  17:01  Hydralisk  
  104  17:28  Hydralisk  
Show
View Real Time Build Order
Export as new Build Order

Throwfordays Protoss 

Build Orders:  

Get SALT Encoding   

  12  0:00  Probe  
  13  0:12  Probe  
  14  0:25  Probe  
  14  0:26  Pylon  
  15  0:43  Assimilator  
  15  0:44  Probe  
  15  0:48  Gateway  
  17  0:57  Probe  
  17  1:09  Probe  
  18  1:21  Probe  
  19  1:33  Probe  
  19  1:35  Cybernetics Core  
  19  1:39  Gateway  
  20  1:41  Zealot  
  22  1:50  Probe  
  22  1:54  Pylon  
  23  1:56  Assimilator  
  23  2:12  Probe  
  24  2:19  Adept  
  24  2:20  Warp Gate  
  26  2:24  Probe  
  26  2:26  Adept  
  29  2:39  Nexus  
  29  2:44  Assimilator  
  29  2:48  Assimilator  
  29  2:54  Pylon  
  29  3:09  Probe  
  30  3:13  Stargate  
  30  3:21  Probe  
  31  3:33  Probe  
  30  3:56  Void Ray  
  32  4:04  Stargate  
  32  4:07  Probe  
  32  4:09  Probe  
  34  4:13  Stalker  
  34  4:15  Stalker  
  38  4:19  Probe  
  38  4:22  Probe (Chrono Boost)  
  40  4:31  Probe (Chrono Boost)  
  40  4:34  Void Ray  
  42  4:39  Probe (Chrono Boost)  
  42  4:41  Probe (Chrono Boost)  
  47  4:46  Probe x2 (Chrono Boost)  
  47  4:50  Void Ray  
  49  4:58  Probe  
  54  5:00  Pylon  
  54  5:06  Pylon  
  54  5:12  Void Ray  
  54  5:18  Probe  
  59  5:22  Pylon  
  59  5:24  Probe  
  60  5:30  Probe  
  60  5:33  Pylon  
  61  5:36  Probe  
  61  5:41  Void Ray  
  61  5:42  Probe  
  63  5:48  Probe  
  68  5:58  Probe  
  68  5:59  Void Ray  
  68  6:01  Probe  
  70  6:05  Protoss Air Weapons Level 1 (Chrono Boost)  
  70  6:10  Probe  
  75  6:20  Void Ray (Chrono Boost)  
  79  6:32  Nexus  
  79  6:36  Pylon, Void Ray (Chrono Boost)  
  83  6:55  Void Ray (Chrono Boost)  
  87  7:03  Stalker  
  87  7:04  Stalker  
  91  7:37  Void Ray  
  95  8:05  Void Ray  
  90  8:14  Forge  
  88  8:27  Void Ray  
  90  8:42  Void Ray  
  90  8:48  Photon Cannon  
  90  8:49  Photon Cannon  
  90  8:51  Photon Cannon  
  55  9:18  Void Ray  
  59  9:36  Probe  
  60  9:48  Probe  
  60  9:52  Photon Cannon  
  61  9:55  Photon Cannon  
  61  9:59  Void Ray  
  61  10:00  Void Ray, Probe  
  61  10:01  Probe  
  61  10:02  Photon Cannon  
  61  10:03  Probe  
  61  10:05  Photon Cannon  
  72  10:07  Protoss Shields Level 1  
  72  10:12  Probe  
  72  10:14  Probe  
  74  10:15  Probe  
  75  10:23  Protoss Air Armor Level 1  
  75  10:24  Probe  
  75  10:26  Probe  
  75  10:27  Probe  
  78  10:35  Robotics Facility  
  78  10:36  Probe  
  78  10:38  Probe  
  78  10:39  Probe  
  81  10:42  Fleet Beacon  
  81  10:48  Probe  
  82  10:50  Probe  
  82  10:51  Probe  
  84  11:00  Probe  
  84  11:02  Probe  
  84  11:04  Probe  
  87  11:12  Probe  
  87  11:14  Probe  
  87  11:16  Probe  
  90  11:40  Photon Cannon  
  90  11:43  Photon Cannon  
  90  11:46  Photon Cannon  
  78  11:48  Probe  
  78  11:49  Photon Cannon  
  78  11:54  Probe  
  80  11:57  Probe  
  80  12:00  Probe  
  83  12:01  Observer  
  83  12:03  Stalker x2  
  83  12:06  Probe  
  88  12:09  Probe  
  88  12:12  Probe  
  90  12:18  Probe  
  90  12:20  Void Ray x2  
  90  12:21  Probe  
  93  12:23  Observer  
  93  12:24  Probe  
  93  12:25  Flux Vanes  
  102  12:30  Probe  
  102  12:33  Probe  
  102  12:36  Probe  
  105  12:38  Assimilator  
  105  12:41  Assimilator  
  105  12:42  Probe  
  106  12:46  Probe  
  106  12:48  Probe  
  108  12:58  Probe  
  109  13:16  Pylon  
  109  13:19  Pylon  
  109  13:21  Pylon  
  109  13:28  Void Ray  
  109  13:31  Void Ray  
  116  13:34  Probe x3  
  120  13:44  Pylon  
  120  13:45  Pylon  
  120  13:46  Probe x2  
  120  13:47  Pylon  
  120  13:48  Stalker x2  
  126  13:50  Pylon  
  126  13:52  Protoss Air Weapons Level 2, Pylon  
  126  13:55  Pylon  
  126  13:57  Pylon  
  126  13:58  Pylon, Probe  
  121  15:11  Observer x2  
  121  15:47  Observer x2  
  121  15:54  Void Ray x2  
  121  15:59  Observer  
  130  16:14  Observer x2  
  130  16:20  Observer  
  131  16:25  Robotics Bay  
  129  16:48  Void Ray  
  129  16:49  Void Ray  
  129  16:52  Stalker x2  
  133  16:59  Immortal  
Show
View Real Time Build Order
Export as new Build Order

Tinuviel Protoss - Winner!

Build Orders: Colossus Rush 

Get SALT Encoding   

  12  0:00  Probe  
  13  0:12  Probe  
  14  0:20  Pylon  
  14  0:25  Probe  
  15  0:41  Gateway  
  15  0:43  Probe (Chrono Boost)  
  15  0:46  Assimilator  
  16  0:53  Probe (Chrono Boost)  
  17  0:58  Probe (Chrono Boost)  
  18  1:09  Probe  
  19  1:21  Probe  
  20  1:29  Cybernetics Core  
  20  1:31  Assimilator  
  20  1:34  Probe  
  21  1:42  Pylon  
  21  1:46  Probe  
  22  1:56  Nexus  
  22  1:58  Probe (Chrono Boost)  
  23  2:05  Warp Gate (Chrono Boost)  
  23  2:10  Probe (Chrono Boost)  
  23  2:14  Stalker  
  26  2:19  Probe (Chrono Boost)  
  27  2:24  Probe  
  28  2:34  Robotics Facility  
  28  2:40  Probe  
  29  2:47  Gateway  
  29  2:48  Pylon  
  29  2:53  Probe  
  29  2:56  Pylon  
  29  3:06  Probe  
  29  3:07  Stalker (Chrono Boost)  
  32  3:15  Shield Battery  
  32  3:23  Probe  
  32  3:24  Probe  
  34  3:37  Immortal  
  38  3:54  Stalker  
  38  3:55  Stalker  
  42  4:04  Probe  
  42  4:05  Probe  
  42  4:07  Assimilator  
  44  4:11  Assimilator  
  44  4:14  Robotics Bay  
  44  4:20  Probe (Chrono Boost)  
  44  4:21  Probe (Chrono Boost)  
  44  4:23  Observer  
  47  4:27  Sentry, Zealot  
  47  4:30  Probe x2 (Chrono Boost)  
  53  4:35  Probe  
  53  4:36  Probe  
  55  4:47  Probe  
  55  4:48  Probe  
  55  4:49  Pylon  
  57  4:58  Observer  
  57  4:59  Probe  
  59  5:00  Probe  
  60  5:09  Forge x2  
  60  5:11  Probe (Chrono Boost)  
  60  5:12  Twilight Council  
  62  5:17  Probe (Chrono Boost)  
  63  5:22  Probe (Chrono Boost)  
  63  5:27  Colossus, Probe (Chrono Boost)  
  70  5:35  Pylon  
  70  5:38  Pylon  
  70  5:44  Protoss Ground Weapons Level 1 (Chrono Boost)  
  70  5:50  Dark Shrine  
  70  5:53  Charge, Probe x2  
  70  5:55  Protoss Ground Armor Level 1 (Chrono Boost)  
  72  6:05  Nexus  
  72  6:08  Pylon  
  72  6:12  Probe x2  
  74  6:20  Photon Cannon  
  74  6:23  Photon Cannon  
  74  6:24  Probe x2  
  76  6:30  Observer  
  77  6:38  Probe  
  78  6:40  Probe  
  79  6:51  Colossus  
  85  7:02  Nexus  
  85  7:03  Pylon  
  85  7:04  Gateway  
  85  7:08  Gateway  
  85  7:10  Dark Templar  
  85  7:11  Pylon  
  87  7:16  Dark Templar  
  89  7:24  Probe x3  
  92  7:36  Probe  
  92  7:37  Assimilator  
  93  7:40  Shield Battery  
  93  7:41  Assimilator  
  93  7:42  Shield Battery  
  93  7:43  Dark Templar  
  95  7:51  Dark Templar  
  97  7:56  Shield Battery  
  97  7:57  Pylon  
  85  8:13  Dark Templar x2  
  85  8:17  Archon  
  85  8:19  Dark Templar  
  87  8:25  Archon  
  85  8:41  Dark Templar  
  85  8:44  Probe x2  
  88  8:48  Gateway  
  88  8:52  Dark Templar x3  
  92  8:56  Archon x2  
  90  9:06  Gateway  
  90  9:08  Gateway  
  90  9:10  Gateway  
  90  9:13  Pylon x2  
  90  9:16  Probe  
  90  9:17  Probe x2  
  92  9:22  Shield Battery  
  93  9:24  Protoss Ground Weapons Level 2 (Chrono Boost)  
  93  9:25  Shield Battery, Protoss Ground Armor Level 2 (Chrono Boost)  
  93  9:26  Photon Cannon  
  93  9:29  Photon Cannon  
  93  9:33  Blink  
  93  9:34  Pylon, Colossus  
  93  9:37  Pylon  
  99  9:40  Zealot x4  
  107  9:50  Probe  
  107  9:51  Probe x2  
  110  9:55  Assimilator  
  110  9:57  Assimilator  
  110  10:03  Extended Thermal Lance (Chrono Boost)  
  110  10:09  Gateway  
  110  10:11  Gateway  
  110  10:13  Pylon x2  
  110  10:17  Gateway  
  110  10:19  Gateway  
  110  10:21  Shadow Stride  
  110  10:24  Gateway  
  110  10:27  Colossus (Chrono Boost)  
  110  10:34  Dark Templar x3  
  110  10:35  Dark Templar  
  124  10:36  Zealot x4  
  124  10:38  Archon  
  124  10:39  Archon  
  132  10:52  Robotics Facility  
  132  10:54  Gateway  
  132  11:03  Zealot x3  
  132  11:04  Zealot  
  130  11:19  Immortal  
  130  11:24  Probe x2  
  130  11:25  Probe x2  
  138  11:31  Pylon  
  138  11:34  Protoss Ground Weapons Level 3 (Chrono Boost)  
  138  11:36  Probe  
  138  11:38  Protoss Shields Level 1 (Chrono Boost)  
  139  11:43  Nexus  
  139  11:45  Pylon, Colossus  
  139  11:46  Pylon  
  145  11:50  Probe x2  
  147  12:02  Colossus  
  147  12:08  Gravitic Boosters  
  153  12:25  Photon Cannon  
  153  12:26  Probe x4  
  153  12:27  Photon Cannon  
  153  12:28  Shield Battery  
  157  12:31  Assimilator  
  157  12:34  Assimilator  
  157  12:38  Probe x3  
  157  12:39  Observer  
  161  12:46  Pylon  
  161  12:53  Pylon  
  161  12:59  Pylon, Photon Cannon  
  161  13:05  Gravitic Drive  
  161  13:09  Colossus x2  
  173  13:21  Protoss Shields Level 2 (Chrono Boost)  
  173  13:25  Pylon x2  
  173  13:32  Stargate  
  173  13:33  Protoss Air Weapons Level 1 (Chrono Boost), Stargate  
  173  13:38  Cybernetics Core  
  173  13:41  Dark Templar x3  
  177  13:42  Dark Templar  
  181  13:52  Archon  
  181  13:53  Archon  
  181  13:56  Protoss Ground Armor Level 3 (Chrono Boost)  
  181  14:31  Fleet Beacon  
  181  14:34  Protoss Air Armor Level 1 (Chrono Boost)  
  167  15:26  Nexus  
  167  15:27  Pylon  
  167  15:29  Assimilator  
  167  15:33  Assimilator  
  167  15:38  Warp Prism  
  169  15:46  Tempest (Chrono Boost)  
  169  15:49  Tempest (Chrono Boost)  
  179  16:25  Tempest (Chrono Boost)  
  179  16:30  Tempest (Chrono Boost)  
  189  17:01  Tempest  
  199  17:23  Unknown  
Show
View Real Time Build Order
Export as new Build Order

Zaxxon Terran - Winner!

Build Orders: 2 Factory, Command Center First (CC) 

Get SALT Encoding   

  12  0:02  SCV  
  13  0:14  SCV  
  14  0:23  Supply Depot  
  14  0:26  SCV  
  15  0:45  SCV  
  16  0:57  SCV  
  16  1:03  Command Center  
  17  1:09  SCV  
  18  1:19  Barracks  
  18  1:21  Refinery  
  18  1:23  SCV  
  19  1:35  SCV  
  20  1:47  SCV  
  21  1:59  SCV  
  22  2:07  Marine  
  23  2:11  Orbital Command  
  23  2:15  Orbital Command  
  23  2:26  Factory  
  23  2:33  Refinery  
  23  2:34  Refinery  
  23  2:36  Marine  
  24  2:45  SCV x2  
  24  2:51  Supply Depot  
  26  2:56  Barracks Reactor  
  26  2:57  SCV x2  
  28  3:04  Factory  
  28  3:09  SCV x2  
  30  3:21  Bunker, SCV  
  30  3:22  SCV  
  32  3:32  Factory  
  32  3:33  SCV  
  33  3:35  SCV  
  33  3:40  Marine x2  
  36  3:45  SCV  
  36  3:47  SCV  
  38  3:51  Factory Tech Lab  
  38  3:54  Command Center  
  38  3:56  Refinery  
  38  3:57  SCV  
  38  3:59  SCV  
  38  4:02  Factory  
  40  4:09  SCV  
  41  4:11  SCV  
  42  4:18  Barracks Tech Lab  
  42  4:19  Hellion x2  
  46  4:25  Supply Depot x2  
  46  4:29  Armory  
  46  4:33  Infernal Pre-Igniter, Armory  
  46  4:47  SCV x2, Hellion x2  
  46  4:52  Supply Depot  
  52  4:54  Supply Depot  
  52  4:59  SCV x2, Cyclone  
  57  5:07  Orbital Command  
  57  5:11  SCV x2  
  57  5:12  Hellion  
  57  5:13  Hellion  
  63  5:15  Cyclone  
  66  5:23  SCV, Terran Vehicle Weapons Level 1, Terran Vehicle And Ship Armor Level 1  
  66  5:27  SCV  
  68  5:34  Cyclone  
  71  5:35  SCV  
  71  5:36  Hellion  
  71  5:37  SCV, Hellion  
  71  5:39  SCV  
  78  5:43  Mag-Field Accelerator  
  78  5:48  SCV  
  78  5:49  SCV  
  80  5:51  SCV  
  80  5:55  Cyclone  
  84  6:00  SCV  
  84  6:01  SCV  
  84  6:03  Hellion x2  
  90  6:04  SCV  
  90  6:09  Refinery  
  90  6:10  Refinery  
  91  6:11  Supply Depot  
  91  6:12  SCV  
  91  6:14  Supply Depot, SCV  
  93  6:22  Supply Depot  
  93  6:24  Supply Depot  
  93  6:30  Factory  
  93  6:33  SCV x3, Cyclone  
  93  6:34  Factory  
  93  6:38  Supply Depot  
  99  6:44  Hellion x2  
  99  6:45  SCV x2, Cyclone  
  109  6:47  SCV  
  109  6:57  SCV x2  
  109  6:59  SCV  
  112  7:04  Supply Depot  
  112  7:13  Hellion, Cyclone  
  112  7:14  Hellion  
  119  7:17  Cyclone  
  119  7:20  SCV  
  117  7:36  Widow Mine x4  
  117  7:45  Widow Mine  
  117  7:49  Starport x2  
  117  7:50  Terran Ship Weapons Level 1, Starport, Terran Vehicle And Ship Armor Level 2  
  119  7:55  Supply Depot, Hellion x6  
  110  8:04  Widow Mine x5  
  103  8:07  Widow Mine  
  97  8:17  Supply Depot  
  81  8:21  SCV  
  81  8:25  Widow Mine x3  
  81  8:26  Widow Mine x2  
  85  8:28  Widow Mine  
  85  8:29  Viking x3, Command Center  
  85  8:30  Command Center  
  81  8:45  SCV  
  81  8:46  Widow Mine  
  81  8:47  Widow Mine x2  
  87  8:55  Drilling Claws  
  87  8:57  Factory Reactor  
  87  8:59  Viking x3  
  91  9:16  SCV  
  90  9:29  Viking  
  94  9:32  Liberator x2  
  94  9:36  SCV x2  
  100  9:54  SCV  
  100  9:56  Widow Mine x4  
  100  9:57  Widow Mine x3  
  100  9:59  Liberator  
  118  10:08  Orbital Command  
  118  10:17  Widow Mine, Liberator  
  118  10:18  Widow Mine x2  
  127  10:28  Engineering Bay  
  127  10:30  SCV x2  
  127  10:31  Terran Ship Weapons Level 2  
  127  10:32  Terran Vehicle And Ship Armor Level 3  
  121  10:40  Command Center  
  122  10:42  SCV  
  122  10:43  SCV  
  123  10:50  Widow Mine  
  123  10:51  Widow Mine x6  
  137  11:12  Widow Mine x6  
  137  11:13  Widow Mine  
  149  11:39  Widow Mine x2  
  159  11:40  Widow Mine x5, Liberator x2  
  159  11:41  Liberator  
  172  11:50  Command Center  
  172  11:56  Orbital Command  
  172  11:59  SCV x3  
  172  12:01  Widow Mine x3  
  181  12:03  Refinery  
  181  12:04  Refinery  
  181  12:09  Widow Mine x3  
  181  12:10  Widow Mine  
  187  12:17  SCV x2  
  187  12:21  Supply Depot  
  187  12:22  Widow Mine x3  
  181  12:24  Supply Depot  
  181  12:27  Planetary Fortress  
  178  12:30  Widow Mine x3  
  178  12:34  Liberator  
  184  12:42  Sensor Tower  
  184  12:45  Sensor Tower  
  184  12:46  Supply Depot  
  184  12:47  Supply Depot  
  184  12:52  Neosteel Armor  
  184  12:58  SCV  
  184  12:59  SCV x3  
  184  13:05  Refinery, Command Center  
  188  13:08  Refinery  
  188  13:11  SCV x4, Supply Depot  
  188  13:12  Orbital Command  
  189  13:17  Starport Reactor  
  189  13:18  Starport Reactor x2  
  189  13:22  Terran Vehicle Weapons Level 2, Terran Ship Weapons Level 3  
  189  13:23  SCV x3  
  190  14:22  Planetary Fortress  
  190  14:29  Sensor Tower  
  190  14:30  Liberator, Missile Turret  
  190  14:31  Liberator x2, Missile Turret  
  199  14:32  Hi-Sec Auto Tracking, Missile Turret  
  131  15:49  Widow Mine  
  115  15:50  Widow Mine x6  
  115  15:52  Liberator x6  
  127  16:11  Widow Mine x5  
  131  16:12  Widow Mine x2  
  123  16:26  Refinery  
  123  16:28  Refinery  
  123  16:32  Widow Mine x2  
  130  16:33  Widow Mine x5  
  130  16:34  Refinery, Command Center  
  130  16:38  Refinery  
  153  16:59  Command Center  
  126  17:01  Refinery  
  126  17:02  Refinery, Command Center  
  126  17:05  Command Center  
  126  17:07  Command Center  
Tags
 
Add a new tag
Caveats
  • Supply blocks, unpowered buildings, or Contaminate may cause inaccurate times.
  • Supply counts are checked every 10 seconds.